 Dungeon Crawl Stone Soup version 0.30-a0-726-gd89dcf765f (webtiles) character file.

Game seed: 4330480629224704129

286 timneilson the Shield-Bearer (level 6, -1/38 HPs)
             Began as a Gargoyle Fighter on Jan 30, 2023.
             Slain by an orc
             ... wielding a +0 club
              (4 damage)
             ... on level 4 of the Dungeon.
             The game lasted 00:05:45 (3149 turns).

timneilson the Shield-Bearer (Gargoyle Fighter)     Turns: 3149, Time: 00:05:46

Health: -1/38      AC: 15    Str: 21    XL:     6   Next: 30%
Magic:  6/6        EV:  7    Int:  9    God:
Gold:   95         SH:  4    Dex:  9    Spells: 5/5 levels left

rFire   . . .      SeeInvis .    a - +0 long sword
rCold   . . .      Faith    .    c - +0 buckler
rNeg    + . .      Spirit   .    m - +0 chain mail
rPois   ∞          Reflect  .    (no helmet)
rElec   +          Harm     .    (no cloak)
rCorr   .          Rampage  .    x - +0 pair of gloves
Will    .....                    (no boots) Stlth
                                 (no amulet)
HPRegen 0.26/turn                (no ring)
MPRegen 0.10/turn                (no ring)

@: no status effects
A: sickness immunity, AC +4, negative energy resistance 1, electricity
resistance, torment resistance 1, petrification resistance
a: no special abilities


You were on level 4 of the Dungeon.
You visited 1 branch of the dungeon, and saw 4 of its levels.
You also visited: Sewer.

You collected 95 gold pieces.

Inventory:

Hand Weapons
 a - a +0 long sword (weapon)
Armour
 c - a +0 buckler (worn)
 m - a +0 chain mail (worn)
 x - a +0 pair of gloves (worn)
Wands
 b - a wand of flame (12)
 i - a wand of acid (2)
 w - a wand of iceblast (5)
Scrolls
 h - a scroll of vulnerability
 r - 2 scrolls of fear
 t - a scroll of immolation {unknown}
 v - a scroll of brand weapon {unknown}
Potions
 d - 2 potions of might
 f - 3 potions of brilliance
 g - a potion of cancellation
 j - a potion of invisibility {unknown}
 k - 2 potions of lignification {unknown}
 l - 2 potions of degeneration {unknown}
 n - a potion of berserk rage {unknown}
 o - a potion of resistance {unknown}
 p - 2 potions of heal wounds {unknown}
 q - 2 potions of curing {unknown}
 s - 2 potions of magic {unknown}
 u - 3 potions of attraction {unknown}


   Skills:
 + Level 4.0 Fighting
 * Level 3.1 Long Blades
 * Level 4.5 Armour
 + Level 1.4 Dodging
 * Level 4.6 Shields
 + Level 1.2 Evocations


You had 5 spell levels left.
You didn't know any spells.
Your spell library was empty.

Dungeon Overview and Level Annotations

Branches:
Dungeon (4/15)              Sewer (visited)
 Temple: D:4-7

Altars:
Ashenzari

Shops:
D:3 (:


Innate Abilities, Weirdness & Mutations

You are immune to sickness and miasma.
Your stone body is resilient. (AC +4)
You are immune to poison.
You resist negative energy. (rN+)
You are resistant to electric shocks. (rElec)
You are resistant to unholy torment.
You are immune to petrification.


Message History

No target in view!
No target in view!
No target in view!
There is an open door here.
There is an open door here.
You now have 95 gold pieces (gained 13).
There is an open door here.
Found a war axe. 2 orcs come into view.
The orc shouts! x2
An orc priest comes into view. It is wielding a +0 war axe.
The orc priest shouts!
The orc priest looks braver for a moment.
The orc hits you but does no damage. x2
You barely miss the orc. The orc hits you but does no damage.
You block the orc's attack. The orc hits you with a +0 club.
The orc priest calls down the wrath of Beogh upon you.
Beogh smites you!
You closely miss the orc. The orc barely misses you.
The orc hits you but does no damage.
You barely miss the orc priest.
An orc comes into view. It is wielding a +0 flail.
The orc priest mumbles some strange prayers to Beogh against you.
Beogh smites you!
* * * LOW HITPOINT WARNING * * *
The orc hits you with a +0 hand axe.
* * * LOW HITPOINT WARNING * * *
The orc hits you but does no damage.
You are too injured to fight recklessly!
You are too injured to fight recklessly!
The orc shouts!
You hit the orc priest but do no damage.
The orc priest hits you but does no damage.
The orc hits you with a +0 hand axe.
* * * LOW HITPOINT WARNING * * *
You block the orc's attack.
It was a potion of cancellation.
You feel magically purged. The orc priest completely misses you.
The orc hits you but does no damage. The orc hits you with a +0 club.
You die...

######## ## # ###..)...#####
#.#.# ##..........#.##.....
##......##............
##......#.#.#..........
#.......#...#..oo...o..
#..............@o......
#.##################### ###
#............ .... ... ..#
#.####.####.####.####.####.#
#.#..'.'..#.#..'.'..#.#⌠.#.#
#.#..#.#.)#.#..#.#..#.#..#.# #
#.##'#)##'#.##'#.##'#.##'#.#####
#................).....)...#....
#.##'#.##+#.##'#.##'#.##'#.#....


You could see an orc priest and 3 orcs.

Vanquished Creatures
  A jelly (D:4)
  Natasha (twice) (D:4)
  An orc wizard (D:3)
  6 adders
  2 river rats (D:3)
  2 ufetubi (D:4)
  A worm (D:2)
  2 dart slugs (D:2)
  6 orcs
  11 ball pythons
  4 bats
  3 endoplasms (D:1)
  2 giant cockroaches
  5 goblins
  7 hobgoblins
  6 jackals
  9 kobolds
  3 quokkas
  8 frilled lizards
  13 rats
94 creatures vanquished.

Notes
Turn   | Place    | Note
-------+----------+-------------------------------------------
     0 | D:1      | timneilson the Gargoyle Fighter began the quest for the
                  | Orb.
     0 | D:1      | Reached XP level 1. HP: 14/14 MP: 1/1
   112 | D:1      | Reached XP level 2. HP: 15/19 MP: 2/2
   372 | D:1      | Reached XP level 3. HP: 21/23 MP: 3/3
  1198 | D:2      | Reached XP level 4. HP: 28/28 MP: 4/4
  1688 | D:3      | Reached skill level 1 in Dodging
  1709 | D:3      | Found a glowing drain.
  1735 | Sewer    | Entered a sewer
  1902 | Sewer    | Reached XP level 5. HP: 24/33 MP: 5/5
  2179 | D:3      | Found Zuna's Book Shoppe.
  2235 | D:3      | Found Ohengud's Antique Weapon Shop.
  2282 | D:3      | Found a broken altar of Ashenzari.
  2664 | D:4      | Reached skill level 1 in Evocations
  2747 | D:4      | Noticed Natasha
  2757 | D:4      | Killed Natasha
  2758 | D:4      | Reached XP level 6. HP: 29/38 MP: 6/6
  2801 | D:4      | Noticed Natasha
  2820 | D:4      | Killed Natasha
  3149 | D:4      | Slain by an orc

Illustrated notes

Levels and vault maps discovered:
D:1:      sevenhm_arrival_forest_fort_small_6, layout_basic
D:2:      layout_loops_ring
D:3:      layout_basic, mainiacjoe_overflow_surrounded_room,
          portal_sewer_entry_b, serial_shops, nicolae_shop_trees,
          nicolae_shop_trees
D:4:      minmay_door_path, layout_cave_pools,
          hangedman_abyss_or_decor_lesser_grid, uniq_natasha, uniq_robin

Skill      XL: |  1  2  3  4  5  6 |
---------------+-------------------+-----
Long Blades    | 2 3 |  3.1
Shields        | 4 |  4.6
Dodging        | 1 |  1.4
Armour         | 4 |  4.5
Evocations     | 1 |  1.2
Fighting       | 4 |  4.0

Action                     |  1- 3 |  4- 6 || total
---------------------------+-------+-------++-------
  Melee: Long sword        |   151 |   282 ||   433
  Evoke: Wand              |       |     4 ||     4
    Use: Scroll            |     2 |     6 ||     8
         Potion            |       |     1 ||     1
 Armour: Scale mail        |    54 |       ||    54
         Chain mail        |    40 |   239 ||   279
  Dodge: Dodged            |    83 |   129 ||   212
  Block: Buckler           |    41 |    56 ||    97

Table legend: (Time is in decaauts)
 A = Elapsed time spent in this place.
 B = Non-inter-level travel time spent in this place.
 C = Inter-level travel time spent in this place.
 D = Time resting spent in this place.
 E = Time spent auto-exploring this place.
 F = Levels seen in this place.
 G = Mean time per level.
                   A        B        C        D        E       F      G
               +--------+--------+--------+--------+--------+-----+--------+
         Total |   3332 |   3268 |     64 |     28 |   2266 |   5 |  666.4 |
       Dungeon |   2856 |   2792 |     64 |     28 |   1961 |   4 |  714.0 |
         Sewer |    475 |    475 |      0 |      0 |    305 |   1 |  475.0 |
               +--------+--------+--------+--------+--------+-----+--------+

Top non-repeatable levels by time:
     D:1: 887 daAuts
     D:2: 823 daAuts
     D:3: 606 daAuts
     D:4: 538 daAuts
   Sewer: 475 daAuts
